 Dungeon Crawl Stone Soup version 0.26-a0-113-gd8a95b691d (webtiles) character file.

Game seed: 10154666030222523398

5397 Gargoyl the Covered (level 10, 0/81 HPs)
             Began as a Centaur Abyssal Knight on June 27, 2020.
             Was a Priest of Lugonu.
             Succumbed to a soldier ant's poison
             ... on level 9 of the Dungeon.
             The game lasted 00:14:37 (10677 turns).

Gargoyl the Covered (Centaur Abyssal Knight)       Turns: 10677, Time: 00:14:38

Health: 0/81       AC: 20    Str: 19 (20) XL:     10   Next: 40%
Magic:  23/23      EV:  5    Int: 10 (11) God:    Lugonu [***...]
Gold:   560        SH:  0    Dex:  9 (12) Spells: 9/9 levels left

rFire    + . .     SeeInvis .   b - +6 dagger of Ligh {flame, rElec rC+ Dex+3 Stlth+}
rCold    + + .     Faith    .   (no shield)
rNeg     + . .     Spirit   .   v - +2 plate armour {rPois}
rPois    +         Reflect  .   q - +2 helmet
rElec    +         Harm     .   a - scarf {rC+ rF+}
rCorr    .                      D - +2 pair of gloves
MR       .....                  (no barding)
Stlth    ..........             (no amulet)
HPRegen  0.23/turn              k - ring of magical power
MPRegen  0.18/turn              w - ring of positive energy

@: brilliant, lethally poisoned (0 -> -5), hasted, very quick
A: large, hooves 3, deformed body, speed 2, strong 1, tough skin 3, MP-powered
wands
a: Depart the Abyss, Bend Space, Banish, Renounce Religion


You were on level 9 of the Dungeon.
You worshipped Lugonu.
Lugonu was most pleased with you.
You were very hungry.

You visited 2 branches of the dungeon, and saw 10 of its levels.
You visited the Abyss 1 time.

You collected 560 gold pieces.

Inventory:

Hand Weapons
 b - the +6 dagger of Ligh (weapon) {flame, rElec rC+ Dex+3 Stlth+}
   (You found it on level 2 of the Abyss)

   It has been specially enchanted to burn those struck by it, causing extra
   injury to most foes and up to half again as much damage against particularly
   susceptible opponents.
   It affects your dexterity (+3).
   It protects you from cold.
   It insulates you from electricity.
   It makes you more stealthy.
 r - a +1 war axe
Missiles
 B - 2 javelins (quivered)
Armour
 a - a scarf of resistance (worn)
 q - a +2 helmet (worn)
 v - a +2 plate armour of poison resistance (worn)
 D - a +2 pair of gloves (worn)
Jewellery
 k - a ring of magical power (left hand)
 w - a ring of positive energy (right hand)
Wands
 e - a wand of flame (19)
 y - a wand of polymorph (6)
 C - a wand of disintegration (17)
Scrolls
 g - a scroll of identify
 j - 3 scrolls of fear
 p - 2 scrolls of blinking
 s - 2 scrolls of remove curse
 t - 2 scrolls of teleportation
Potions
 f - 2 potions of mutation
 h - 4 potions of might
 i - 2 potions of stabbing
 l - a potion of resistance
 m - 4 potions of flight
 n - a potion of invisibility
 o - a potion of haste
 u - a potion of magic
 z - a potion of degeneration
 A - a potion of curing {unknown}
Comestibles
 c - 12 rations
 d - 3 chunks of flesh


   Skills:
 + Level 5.2 Fighting
 + Level 6.1 Short Blades
 + Level 2.2 Axes
 + Level 1.9 Throwing
 * Level 7.9 Armour
 * Level 4.3 Dodging
 * Level 6.5 Invocations


You had 9 spell levels left.
You didn't know any spells.
Your spell library contained the following spells:

 Spells                   Type           Power        Failure   Level  Hunger
 Bolt of Magma            Conj/Fire/Erth #.........   100%        5    None
 Iskenderun's Battlesphe  Conj/Chrm      #.......     100%        5    None
 Iron Shot                Conj/Erth      #.........   100%        6    None
 Orb of Destruction       Conj           #.........   100%        7    None
 Spellforged Servitor     Conj/Summ      #.........   100%        7    None


Dungeon Overview and Level Annotations

Branches:
Dungeon (9/15)             Temple (1/1) D:5            Lair (0/6) D:9
    Orc: D:9-12

Altars:
Ashenzari
Cheibriados
Dithmenos
Elyvilon
Fedhas
Gozag
Hepliaklqana
Kikubaaqudgha
Makhleb
Nemelex Xobeh
Okawaru
Qazlal
Ru
Sif Muna
Trog
Uskayaw
Vehumet
Wu Jian
Xom
Yredelemnul
Zin
The Shining One

Annotations:
D:9 3 runed translucent doors, Zajic's ghost, novice MiBe


Innate Abilities, Weirdness & Mutations

You have hooves in place of feet.
Armour fits poorly on your strangely shaped body.
You cover ground very quickly.
You have extremely tough skin. (AC +3)
Your muscles are strong. (Str +2)
You expend magic power (3 MP) to strengthen your wands.


Message History

* * * LOW HITPOINT WARNING * * *
You feel sick. The soldier ant barely misses you.
* * * LOW HITPOINT WARNING * * *
You feel sick.
It was a potion of haste.
You feel yourself speed up.
* * * LOW HITPOINT WARNING * * *
You feel sick. The soldier ant stings you.
* * * LOW HITPOINT WARNING * * *
It was a potion of magic.
Magic courses through your body.
You feel yourself speed up.
The soldier ant stings you but does no damage.
It was a potion of degeneration.
There was something very wrong with that liquid.
You feel weakened.
You feel dopey.
You feel clumsy.
* * * LOW HITPOINT WARNING * * *
You feel sick.
The soldier ant stings you but does no damage.
It was a potion of brilliance.
You feel clever all of a sudden.
You die...

##. ## #......#.# ##
#......##.#.# #......#.#.#
#....#.##.#.# #....#.##a###
#........#@.###############
#..........................
#................##..#####.
#................##........
#....#...........##........
#.....................P....
#..>........####'####P..P♣.
#...........#.........P.♣..
#.#.......#.+........P.....


You could see a soldier ant.

Vanquished Creatures
  A hornet (D:9)
  2 hippogriffs (D:9)
  A wyvern (D:8)
  A hungry ghost (D:7)
  4 porcupines (D:9)
  4 orc warriors
  An ice beast (D:5)
  3 black bears
  A phantom (D:7)
  3 ogres
  2 wolves (D:9)
  4 centaurs
  3 crocodiles (D:9)
  A big kobold (D:8)
  4 bullfrogs
  A water moccasin zombie (D:8)
  A scorpion (D:8)
  A howler monkey (D:6)
  A crimson imp (D:5)
  A bullfrog zombie (D:2)
  A quasit (D:6)
  2 orc priests
  2 jellies
  4 hounds
  A centaur zombie (D:6)
  A bullfrog skeleton (D:6)
  3 centaur skeletons
  8 orc wizards
  9 worker ants
  A hound zombie (D:7)
  2 hound skeletons
  6 gnolls
  12 adders
  An ooze (D:3)
  An adder skeleton (D:4)
  5 worms
  3 leopard geckos
  16 orcs
  2 bat zombies (D:7)
  7 giant cockroaches
  11 goblins
  10 hobgoblins
  9 jackals
  13 kobolds
  A quokka (D:8)
  2 ball pythons
  5 bats
  4 frilled lizards
  A quokka zombie (D:5)
  5 rats
188 creatures vanquished.

Vanquished Creatures (others)
  A two-headed ogre (D:9)
  2 hornets (D:9)
  A wolf (D:8)
  3 fungi (D:9)
  6 plants (D:9)
13 creatures vanquished.

Grand Total: 201 creatures vanquished

Notes
Turn   | Place    | Note
-------+----------+-------------------------------------------
     0 | Abyss:1  | Gargoyl the Centaur Abyssal Knight began the quest for the
                  | Orb.
     0 | Abyss:1  | Reached XP level 1. HP: 19/19 MP: 2/2
    59 | Abyss:1  | Noticed a small abomination
    61 | Abyss:1  | Noticed a glowing orange brain
   105 | Abyss:1  | Found a snail-covered altar of Cheibriados.
   242 | Abyss:2  | Noticed a large abomination
   246 | Abyss:2  | Got a jewelled dagger
   248 | D:1      | Escaped the Abyss
   249 | D:1      | Identified the +6 dagger of Ligh {flame, rElec rC+ Dex+3
                  | Stlth+} (You found it on level 2 of the Abyss)
   561 | D:1      | Reached * piety under Lugonu
   701 | D:1      | Reached XP level 2. HP: 26/26 MP: 3/3
   872 | D:1      | Reached skill level 1 in Dodging
  1461 | D:2      | Reached XP level 3. HP: 31/31 MP: 4/4
  1875 | D:2      | Found a sparkling altar of Nemelex Xobeh.
  2039 | D:2      | Reached ** piety under Lugonu
  2042 | D:2      | Reached skill level 2 in Armour
  2045 | D:2      | Reached XP level 4. HP: 32/38 MP: 5/5
  2175 | D:2      | Found an iron altar of Okawaru.
  2313 | D:3      | Reached skill level 1 in Short Blades
  2400 | D:3      | Reached XP level 5. HP: 36/45 MP: 7/7
  2432 | D:3      | Found an ornate altar of the Wu Jian Council.
  2634 | D:3      | Found a blossoming altar of Fedhas.
  2634 | D:3      | Found a shimmering blue altar of Sif Muna.
  3030 | D:3      | Reached *** piety under Lugonu
  3030 | D:3      | Reached XP level 6. HP: 38/52 MP: 8/8
  3307 | D:4      | Reached skill level 3 in Armour
  3652 | D:4      | Gained mutation: You expend magic power (3 MP) to
                  | strengthen your wands. [potion of mutation]
  3652 | D:4      | Gained mutation: Your muscles are strong. (Str +2) [potion
                  | of mutation]
  3781 | D:5      | Entered Level 5 of the Dungeon
  3843 | D:5      | Reached XP level 7. HP: 47/58 MP: 9/9
  3927 | D:5      | Reached skill level 1 in Throwing
  3988 | D:5      | Found a staircase to the Ecumenical Temple.
  4320 | D:5      | Reached skill level 4 in Armour
  5002 | D:6      | Found a shadowy altar of Dithmenos.
  5028 | D:6      | Reached XP level 8. HP: 66/66 MP: 11/11
  5302 | D:6      | Found a bloodstained altar of Trog.
  5324 | Temple   | Entered the Ecumenical Temple
  5575 | Temple   | Reached skill level 5 in Armour
  5756 | D:6      | Found a white marble altar of Elyvilon.
  5885 | D:6      | Reached **** piety under Lugonu
  5956 | D:6      | Reached skill level 5 in Invocations
  6373 | D:7      | Found a shimmering altar of Xom.
  6375 | D:7      | Found a shimmering altar of Xom.
  6377 | D:7      | Found a shimmering altar of Xom.
  6410 | D:7      | Found a shimmering altar of Xom.
  6774 | D:7      | Reached XP level 9. HP: 72/72 MP: 12/12
  7198 | D:7      | Found an ancient bone altar of Kikubaaqudgha.
  7564 | D:7      | Reached skill level 6 in Armour
  8166 | D:8      | Reached skill level 5 in Short Blades
  9135 | D:9      | Noticed a two-headed ogre
  9146 | D:9      | Banished a two-headed ogre
  9359 | D:9      | Reached skill level 7 in Armour
  9363 | D:9      | Reached skill level 5 in Fighting
  9559 | D:9      | HP: 3/74 [wolf (6)]
  9928 | D:9      | Reached XP level 10. HP: 70/81 MP: 14/14
 10237 | D:9      | Found a staircase to the Lair.
 10432 | D:9      | Found a runed translucent gate.
 10432 | D:9      | Found a runed translucent gate.
 10432 | D:9      | Noticed an 11-headed hydra
 10432 | D:9      | Noticed Zajic's ghost (novice MiBe)
 10433 | D:9      | Found a runed translucent gate.
 10655 | D:9      | Paralysed by a hornet for 1 turns
 10674 | D:9      | HP: 4/81 [poisoned by a soldier ant]
 10676 | D:9      | HP: 1/81 [poisoned by a soldier ant]
 10677 | D:9      | Succumbed to a soldier ant's poison

Illustrated notes

Levels and vault maps discovered:
D:1:      psy_arrival_conway, layout_basic, roderic_roman_lattice
D:2:      layout_loops_cross, lemuel_crystal_altar,
          nemelex_xobeh_ov_fountains_minmay, due_unseen_surprise
D:3:      layout_basic, nicolae_overflow_crystal_walls,
          gammafunk_temple_overflow_elements, minmay_misc_feat_x,
          chequers_serial_rivers_micro_c
D:4:      layout_rooms
D:5:      layout_basic, minmay_temple_entry_from_below_a, first_ration
D:6:      layout_basic, elyvilon_altar_5, trog_ov_bears_minmay,
          grunt_dithmenos_smoke
D:7:      layout_gridville, lemuel_zombie_altar_kikubaaqudgha, xom_redecorated,
          nicolae_lava_and_water, minmay_quadrilaterals
D:8:      layout_basic
D:9:      layout_stronghold, minmay_lair_entry_grove,
          gammafunk_ghost_hydra_chop, hangedman_pestilent_swarm, chequers_garden
Temple:   nicolae_temple_no_exploring_needed

Skill      XL: |  1  2  3  4  5  6  7  8  9 10 |
---------------+-------------------------------+-----
Dodging        | 1 2 3 4 |  4.3
Axes           | 2 |  2.2
Armour         | 2 3 4 5 7 |  7.9
Short Blades   | 1 2 3 4 5 6 |  6.1
Invocations    | 3 4 5 6 |  6.5
Throwing       | 1 |  1.9
Fighting       | 4 5 |  5.2

Action                   |  1- 3 |  4- 6 |  7- 9 | 10-12 || total
-------------------------+-------+-------+-------+-------++-------
Melee: Dagger            |    80 |   140 |   373 |    78 ||   671
       Kick              |    12 |    32 |   108 |    25 ||   177
Throw: Javelin           |       |     2 |     3 |       ||     5
Invok: Depart the Abyss  |     1 |       |       |       ||     1
       Banish            |       |       |     2 |     5 ||     7
  Use: Scroll            |     7 |     8 |     6 |       ||    21
       Potion            |       |     1 |       |     4 ||     5
  Eat: Chunk             |     2 |     5 |    17 |     2 ||    26
       Ration            |       |       |     1 |       ||     1
Armor: Ring mail         |    48 |    66 |     7 |       ||   121
       Plate armour      |       |       |   247 |    68 ||   315
Dodge: Dodged            |    37 |    71 |   101 |    25 ||   234

Table legend:
 A = Non-vault XP
 B = Vault XP
 C = Vault XP percentage of total XP
 D = Non-vault monster count
 E = Vault monster count
 F = Vault count percentage of total count
                 A         B        C        D         E       F
            +---------+---------+-------+---------+---------+-------
      Total |    5058 |    2653 |  34.4 |     170 |      22 |  11.5
            +---------+---------+-------+---------+---------+-------
        D:1 |      35 |       0 |   0.0 |      21 |       0 |   0.0
        D:2 |     117 |       0 |   0.0 |      26 |       0 |   0.0
        D:3 |     119 |       0 |   0.0 |      23 |       0 |   0.0
        D:4 |     378 |       0 |   0.0 |      22 |       0 |   0.0
        D:5 |     701 |       0 |   0.0 |      16 |       0 |   0.0
        D:6 |     960 |     133 |  12.2 |      19 |       1 |   5.0
        D:7 |     288 |     461 |  61.5 |       7 |       6 |  46.2
        D:8 |     918 |      80 |   8.0 |      24 |       1 |   4.0
        D:9 |    1509 |    1851 |  55.1 |      11 |      13 |  54.2
     Temple |      33 |     128 |  79.5 |       1 |       1 |  50.0
            +---------+---------+-------+---------+---------+-------
